 Dungeon Crawl Stone Soup version 0.31-a0-175-g9f7f995f2b (webtiles) character file.

Game seed: 6633889621401527232

175 qw the Shooter (level 5, -4/32 HPs)
             Began as a Gargoyle Hunter on June 16, 2023.
             Slain by an iguana (11 damage)
             ... on level 4 of the Dungeon.
             The game lasted 00:00:54 (2415 turns).

qw the Shooter (Gargoyle Hunter)                    Turns: 2415, Time: 00:00:55

Health: -4/32      AC:  9    Str: 21    XL:     5   Next: 55%
Magic:  5/5        EV: 11    Int:  9    God:
Gold:   56         SH:  0    Dex: 15    Spells: 4/4 levels left

rFire   . . .        Y - +1 shortbow
rCold   . . .        (shield currently unavailable)
rNeg    + . .        b - +0 ring mail
rPois   inf          (no helmet)
rElec   +            (no cloak)
rCorr   .            (no gloves)
SInv    .            (no boots)
Will    .....        (no amulet)
Stlth   +            c - +6 ring of strength
HPRegen 0.25/turn    (no ring)
MPRegen 0.09/turn

%: no passive effects
@: no status effects
A: sickness immunity, AC +4, negative energy resistance 1, electricity
resistance, torment resistance 1, petrification resistance
a: no special abilities


You were on level 4 of the Dungeon.
You visited 1 branch of the dungeon, and saw 4 of its levels.

You collected 160 gold pieces.
You spent 104 gold pieces at shops.


Innate Abilities, Weirdness & Mutations

You are immune to sickness and miasma.
Your stone body is resilient. (AC +4)
You are immune to poison.
You resist negative energy. (rN+)
You are resistant to electric shocks. (rElec)
You are resistant to unholy torment.
You are immune to petrification.


   Skills:
 + Level 3.2 Fighting
 - Level 6.1 Ranged Weapons
 - Level 1.0 Armour
 - Level 1.5 Dodging
 - Level 1.1 Stealth


You had 4 spell levels left.
You didn't know any spells.
Your spell library was empty.

Inventory:

Hand Weapons
 Y - a +1 shortbow (weapon)
Armour
 b - a +0 ring mail (worn)
Jewellery
 c - a +6 ring of strength (left hand)
Wands
 a - a wand of digging (5)
Scrolls
 g - a scroll of poison {unknown}
 h - a scroll of identify
Potions
 d - a potion of lignification
 e - a potion of invisibility {unknown}
 f - a potion of mutation

Dungeon Overview and Level Annotations

Branches:
Dungeon (4/15)
 Temple: D:4-7

Altars:
Ashenzari
Trog

Shops:
D:3 *


Message History

The kobold is severely wounded.
You shoot an arrow. The arrow barely misses the kobold.
You shoot an arrow. The arrow hits the kobold!
You kill the kobold!
You now have 56 gold pieces (gained 11).
Found a bloodstained altar of Trog.
You see here a +0 dagger.
Enter note:
Enter note:
Enter note:
Found a broken altar of Ashenzari.
Enter note:
Enter note:
Enter note:
g - a scroll labelled RED QEHOACIA
Enter note:
Enter note:
Enter note:
Enter note:
Enter note:
Enter note: You see here a +0 dagger.
You shoot an arrow. The arrow closely misses the iguana.
The iguana hisses angrily.
You shoot an arrow.
The arrow hits the iguana but does no damage.
You shoot an arrow.
The arrow hits the iguana but does no damage.
You shoot an arrow. The arrow barely misses the iguana.
The iguana bites you!
You shoot an arrow. The arrow barely misses the iguana.
The iguana bites you!
You shoot an arrow. The arrow closely misses the iguana.
The iguana barely misses you.
You shoot an arrow. The arrow hits the iguana.
The iguana is lightly wounded.
The iguana bites you.
You shoot an arrow. The arrow completely misses the iguana.
The iguana bites you!
You die...

#.<..#....<..+........go#
#....#.......#........g.#
#....##..##..#..........#
#....##..##..####+#.....#
#.................+%....#
#.[...............#.....+
#....##..########'#.....#
#....##.l#######....#####
#.......@...#..#....#
#...........#.......#
########.........)..#####
#......)~~~~~~~..........
#.~~~~~~......~..........
#.~.....#####.~.....)....
#.~.####....#.~......)...
#.~.#...~~~.#.~..........
#.~.#.~~._~.#.~..#####...


You could see an iguana.

Vanquished Creatures
  An orc priest (D:4)
  A hound (D:4)
  Ijyb (D:3)
  A gnoll (D:4)
  An adder (D:4)
  A worm (D:2)
  3 dart slugs
  3 orcs
  5 ball pythons
  3 bats
  8 endoplasms
  A giant cockroach (D:1)
  5 goblins
  3 hobgoblins
  2 jackals (D:3)
  3 quokkas
  2 frilled lizards (D:1)
  11 kobolds
  6 rats
61 creatures vanquished.

Notes
Turn   | Place    | Note
-------+----------+-------------------------------------------
     0 | D:1      | qw the Gargoyle Hunter began the quest for the Orb.
     0 | D:1      | Reached XP level 1. HP: 12/12 MP: 1/1
     0 | D:1      | 0 ||| qw: Version: 0.2-a-29-g511e9b1
     0 | D:1      | 0 ||| qw: Game counter: 5658
     0 | D:1      | 0 ||| qw: Always use a shield: true
     0 | D:1      | 0 ||| qw: God list: Okawaru
     0 | D:1      | 0 ||| qw: Allow faded altars: false
     0 | D:1      | 0 ||| qw: Do Orc after D:15 true
     0 | D:1      | 0 ||| qw: Do second Lair branch before Depths: true
     0 | D:1      | 0 ||| qw: Lair rune preference: random
     0 | D:1      | 0 ||| qw: Plans: Normal, Zot:1-4, Slime:5, God:TSO, Crypt,
                  | Tomb, Abyss, Pan, Hells, Win
     0 | D:1      | 0 ||| PLANNING D:1-11
   435 | D:1      | Reached XP level 2. HP: 17/17 MP: 2/2
   537 | D:1      | Reached XP level 3. HP: 18/21 MP: 3/3
   717 | D:1      | Reached skill level 5 in Ranged Weapons
   836 | D:1      | 836 ||| READING scroll labelled QUIHOISEMY.
   840 | D:1      | 840 ||| READING scroll labelled LYASCHISCHI.
   841 | D:1      | 841 ||| READING scroll labelled TOCSUE CAABROI.
   842 | D:1      | 842 ||| DROPPING scroll of butterflies.
  1347 | D:2      | 1347 ||| UPGRADING to +0 ring mail.
  1357 | D:2      | 1357 ||| DROPPING +0 leather armour.
  1358 | D:2      | 1358 ||| READING 4 scrolls labelled PARUXA MAMUI.
  1359 | D:2      | 1359 ||| READING scroll labelled ESAEC WOUNAUGO.
  1375 | D:2      | 1375 ||| READING scroll labelled ORHYBY ZAIR.
  1376 | D:2      | 1376 ||| DROPPING 3 scrolls of fear.
  1542 | D:3      | Found Wotaaz Ziext's General Store.
  1547 | D:3      | 1547 ||| BUYING potion of lignification (39 gold).
  1547 | D:3      | Bought a potion of lignification for 39 gold pieces
  1547 | D:3      | 1547 ||| BUYING scroll of identify (26 gold).
  1547 | D:3      | Bought a scroll of identify for 26 gold pieces
  1547 | D:3      | 1547 ||| BUYING scroll of teleportation (39 gold).
  1547 | D:3      | Bought a scroll of teleportation for 39 gold pieces
  1687 | D:3      | Reached skill level 1 in Armour
  1689 | D:3      | Reached XP level 4. HP: 27/27 MP: 4/4
  1691 | D:3      | Reached skill level 3 in Fighting
  1736 | D:3      | Noticed Ijyb
  1751 | D:3      | Killed Ijyb
  2150 | D:3      | 2150 ||| DROPPING amulet of magic regeneration.
  2151 | D:3      | 2151 ||| UPGRADING to +6 ring of strength.
  2152 | D:3      | 2152 ||| READING scroll labelled SENYUCV QIGRUO.
  2153 | D:3      | 2153 ||| READING 4 scrolls of identify.
  2153 | D:3      | 2153 ||| IDENTIFYING cyan potion
  2154 | D:3      | 2154 ||| READING 3 scrolls of identify.
  2154 | D:3      | 2154 ||| IDENTIFYING puce potion
  2155 | D:3      | 2155 ||| READING 2 scrolls of identify.
  2155 | D:3      | 2155 ||| IDENTIFYING golden potion
  2156 | D:3      | 2156 ||| DROPPING potion of brilliance.
  2213 | D:4      | 2213 ||| Stepping ~*~*~tactically~*~*~ (outnumbered).
  2216 | D:4      | 2216 ||| Stepping ~*~*~tactically~*~*~ (outnumbered).
  2224 | D:4      | Reached XP level 5. HP: 18/32 MP: 5/5
  2227 | D:4      | 2227 ||| Stepping ~*~*~tactically~*~*~ (outnumbered).
  2228 | D:4      | HP: 8/32 [orc priest/+0 club (3)]
  2229 | D:4      | 2229 ||| READING scroll of teleportation.
  2231 | D:4      | 2231 ||| DRINKING potion of heal wounds.
  2277 | D:4      | Reached skill level 6 in Ranged Weapons
  2361 | D:4      | Found a bloodstained altar of Trog.
  2364 | D:4      | Found a broken altar of Ashenzari.
  2414 | D:4      | HP: 7/32 [iguana (5)]
  2415 | D:4      | Slain by an iguana

Levels and vault maps discovered:
D:1:      dpeg_arrival_arbitrary_c, layout_basic
D:2:      layout_basic
D:3:      layout_basic, serial_shops, nicolae_shop_rolling_square, uniq_ijyb
D:4:      gammafunk_cloud_chamber, layout_gridville, nicolae_overflow_squiral,
          minmay_temple_entry_nine_rooms

Skill      XL: |  1  2  3  4  5 |
---------------+----------------+-----
Ranged Weapons | 5 6 |  6.1
Armour         | 1 |  1.0
Fighting       | 3 |  3.2
Dodging        | |  1.5
Stealth        | |  1.1

Action                     |  1- 3 |  4- 6 || total
---------------------------+-------+-------++-------
  Melee: Unarmed           |       |     2 ||     2
   Fire: Shortbow          |   127 |    71 ||   198
    Use: Scroll            |     6 |     5 ||    11
         Potion            |       |     1 ||     1
 Armour: Leather armour    |     9 |       ||     9
         Ring mail         |     3 |    12 ||    15
  Dodge: Dodged            |    22 |    26 ||    48

Table legend:
 A = Non-vault XP
 B = Vault XP
 C = Vault XP percentage of total XP
 D = Non-vault monster count
 E = Vault monster count
 F = Vault count percentage of total count
                 A         B        C        D         E       F
            +---------+---------+-------+---------+---------+-------
      Total |     213 |      38 |  15.1 |      60 |       1 |   1.6
            +---------+---------+-------+---------+---------+-------
        D:1 |      44 |       0 |   0.0 |      26 |       0 |   0.0
        D:2 |      22 |       0 |   0.0 |      11 |       0 |   0.0
        D:3 |      28 |      38 |  57.6 |      14 |       1 |   6.7
        D:4 |     119 |       0 |   0.0 |       9 |       0 |   0.0
            +---------+---------+-------+---------+---------+-------
